AoeStats
← tigremaster

Arena

507112314Analyzed
4v4 RM · 16d ago on Sep 16, 2026· 36m 7s· 8 players
Game mode
Random Map
Map size
Large (8 player)
Population
200
Speed
Normal
Resources
Standard
Victory
Conquest
Starting age
Dark Age
Ending age
Imperial Age
RankedLock teamsTeams togetherTeam positionsShared explorationLock speedFull tech treeHidden civsTurbo modeCheats
Victory
Defeat
🇹🇷 Hindustanis · Türkiye
1214
+13
🇨🇳 Magyars · China
1156
+16
🇪🇸 Berbers · Spain
1082
+19
🇺🇾 Japanese · Uruguay
981
+24
🇦🇷 Tatars · Argentina
1190
-20
🇧🇷 Franks · Brazil
1169
-19
🇫🇷 Celts · France
1126
-17
🇨🇱 Turks · Chile
1108
-16
Whast | Ku The Last
10:45 Feudal Age
12:09 Loom
14:39 Castle Age
22:42 Imperial Age
21:09 Double-Bit Axe
21:13 Horse Collar
Makarov99
3:46 Loom
11:27 Feudal Age
16:13 Castle Age
14:45 Double-Bit Axe
19:38 Bow Saw
20:06 Wheelbarrow
22:26 Gold Mining
24:03 Scale Mail Armor
23:59 Pikeman
25:37 Hand Cart
26:13 Gambesons
26:29 Squires
27:59 Gold Shaft Mining
27:15 Stone Mining
30:39 Imperial Age
29:34 Scale Barding Armor
29:44 Chain Mail Armor
30:57 Chain Barding Armor
31:17 Halberdier
33:07 Conscription
33:55 Plate Barding Armor
33:43 Husbandry
33:04 Cavalier
36:31 Chemistry
36:43 Ballistics
tigremaster
5:21 Loom
10:45 Feudal Age
12:43 Double-Bit Axe
17:27 Castle Age
15:32 Gold Mining
15:53 Fletching
15:59 Town Watch
16:36 Horse Collar
18:07 Padded Archer Armor
23:12 Heavy Plow
25:14 Bodkin Arrow
27:54 Leather Archer Armor
35:56 Bow Saw
36:23 Wheelbarrow
36:01 Forging
35:14 Pikeman
TheAurelSan
11:03 Feudal Age
10:44 Loom
16:55 Castle Age
15:31 Gold Mining
16:01 Double-Bit Axe
17:59 Wheelbarrow
18:40 Fletching
26:41 Pikeman
Elamb
11:00 Feudal Age
12:08 Horse Collar
12:15 Double-Bit Axe
16:19 Loom
19:12 Castle Age
17:21 Gold Mining
18:00 Town Watch
19:06 Padded Archer Armor
19:42 Bloodlines
20:41 Husbandry
20:42 Fletching
24:13 Bow Saw
24:38 Ballistics
26:15 Leather Archer Armor
26:29 Bodkin Arrow
28:00 Scale Barding Armor
28:50 Masonry
30:12 Wheelbarrow
30:00 Heavy Plow
33:16 Elite Skirmisher
zeron
5:15 Loom
11:39 Feudal Age
13:01 Wheelbarrow
13:08 Double-Bit Axe
15:30 Castle Age
14:24 Horse Collar
18:48 Bow Saw
20:08 Scale Barding Armor
26:08 Heavy Plow
28:13 Chain Barding Armor
28:03 Forging
30:50 Imperial Age
28:39 Husbandry
29:04 Bloodlines
29:01 Gold Mining
31:16 Heavy Camel Rider
35:12 Chemistry
35:35 Plate Barding Armor
35:36 Iron Casting
37:02 Gold Shaft Mining
35:59 Imperial Camel Rider
Oselie
8:10 Loom
12:24 Feudal Age
16:33 Castle Age
15:16 Double-Bit Axe
24:20 Town Watch
25:15 Fletching
25:36 Forging
27:46 Forging
Yee
11:26 Feudal Age
15:07 Castle Age
13:38 Double-Bit Axe
14:31 Horse Collar
18:18 Loom
23:50 Wheelbarrow
25:34 Bow Saw
30:07 Imperial Age
27:45 Scale Barding Armor
28:27 Husbandry
29:15 Bloodlines
29:27 Chain Barding Armor
29:17 Gold Mining
30:34 Hand Cart
30:09 Cavalier
31:46 Plate Barding Armor
33:20 Paladin
35:25 Capped Ram
Connection lost

Rejoining the realm…

Still unreachable

The connection could not be restored.

Session expired

The server has moved on; the page needs a fresh start.